 Dungeon Crawl Stone Soup version 0.31.0-11-ge490571c62 (webtiles) character file.

Game seed: 7855856763244282451

2188 stipulation the Scholar of Death (level 9, -2/39 HPs)
             Began as a Vine Stalker Necromancer on Jan 27, 2024.
             Was a Follower of Kikubaaqudgha.
             Slain by a gnoll
             ... wielding a +0 halberd
             ... led by a gnoll bouda
              (7 damage)
             ... on level 6 of the Dungeon.
             The game lasted 00:10:44 (7620 turns).

stipulation the Scholar of Death (VSNe)             Turns: 7620, Time: 00:10:45

Health: -2/39      AC:  5    Str: 11    XL:     9   Next: 33%
Magic:  0/31       EV: 12    Int: 19    God:    Kikubaaqudgha [*.....]
Gold:   299        SH:  0    Dex: 15    Spells: 11/25 levels left

rFire   . . .        t - +2 dagger (freeze)
rCold   . . .        (no shield)
rNeg    . . .        a - +0 robe
rPois   .            w - +0 helmet
rElec   .            (no cloak)
rCorr   .            i - +1 pair of gloves
SInv    .            (no boots)
Will    +....        (no amulet)
Stlth   ++           e - ring of magical power
HPRegen 1.06/turn    (no ring)
MPRegen 0.22/turn

%: guardian spirit
@: weakened, animating dead
A: fangs 3, regeneration 1, magic shield, antimagic bite, no potion heal 2
a: Renounce Religion, Unearth Wretches


You were on level 6 of the Dungeon.
You worshipped Kikubaaqudgha.
Kikubaaqudgha was aware of your devotion.
You visited 1 branch of the dungeon, and saw 6 of its levels.

You collected 299 gold pieces.

Inventory:

Hand Weapons
 t - a +2 dagger of freezing (weapon)
Armour
 a - a +0 robe (worn)
 i - a +1 pair of gloves (worn)
 w - a +0 helmet (worn)
Jewellery
 e - a ring of magical power (left hand)
 D - a +6 ring of dexterity
Talismans
 h - a flux talisman
 B - a maw talisman
Wands
 n - a wand of flame (8)
 q - a wand of acid (10)
 r - a wand of roots (7)
Scrolls
 c - a scroll of vulnerability
 d - 2 scrolls of noise
 j - a scroll of blinking {unknown}
 l - a scroll of enchant armour
 o - 2 scrolls of fear {unknown}
 p - a scroll of amnesia {unknown}
 s - a scroll of revelation {unknown}
 v - 2 scrolls of identify {unknown}
 y - a scroll of torment {unknown}
 C - 2 scrolls of teleportation {unknown}
 E - a scroll of immolation {unknown}
Potions
 b - 2 potions of magic
 f - a potion of mutation {unknown}
 g - a potion of enlightenment {unknown}
 k - 3 potions of lignification {unknown}
 m - 2 potions of might {unknown}
 u - a potion of attraction {unknown}
 x - a potion of heal wounds {unknown}
 z - 2 potions of curing {unknown}
 A - a potion of berserk rage {unknown}
 F - a potion of degeneration {unknown}


   Skills:
 - Level 1.5 Dodging
 - Level 2.4 Stealth
 + Level 8.9 Spellcasting
 + Level 9.5 Necromancy


You had 11 spell levels left.
You knew the following spells:

 Your Spells              Type           Power      Damage    Failure   Level
a - Necrotise             Necr           100%       1d9       1%          1
b - Vampiric Draining     Necr           44%        2d9       1%          3
c - Cigotuvi's Dreadful   Necr/Alch/Air  40%        N/A       3%          2
d - Animate Dead          Necr           44%        N/A       1%          4
e - Dispel Undead         Necr           44%        3d17      1%          4

Your spell library contained the following spells:

 Spells                   Type           Power      Damage    Failure   Level
 Kiss of Death            Conj/Necr      100%       2d13      1%          1
 Curse of Agony           Necr           44%        N/A       4%          5
 Martyr's Knell           Necr/Summ      26%        N/A       12%         4
 Death Channel            Necr           22%        N/A       26%         6


Dungeon Overview and Level Annotations

Branches:
Dungeon (6/15)
 Temple: D:4-7

Altars:
Fedhas
Gozag
Kikubaaqudgha
Makhleb
Ru

Annotations:
D:3 3 runed translucent doors, puppykicker's ghost, amateur DEGl
D:5 1 runed translucent door, Crazy Yiuf


Innate Abilities, Weirdness & Mutations

You have razor-sharp teeth.
Your natural rate of healing is unusually fast.
When hurt, damage is shared between your health and your magic reserves.
Your bite disrupts and absorbs the magic of your enemies.
Potions cannot restore your health.


Message History

The gnoll picks up the pace!
Your gnoll zombie hits the ufetubus.
The ufetubus hits you but does no damage.
The ufetubus misses you. The gnoll bouda blocks your attack.
The ufetubus barely misses you. The ufetubus hits you.
The gnoll hits you from afar with a +0 halberd!
The gnoll bouda calls upon its god to heal the gnoll.
The gnoll's wounds heal themselves!
Your gnoll zombie hits the ufetubus but does no damage.
You hit the gnoll bouda. You freeze the gnoll bouda.
The gnoll bouda is moderately wounded.
The ufetubus misses you. The ufetubus closely misses you.
The gnoll hits you from afar with a +0 halberd!
Your gnoll zombie hits the gnoll.
The gnoll bouda barely misses you.
Your gnoll zombie closely misses the ufetubus.
The ufetubus hits you but does no damage. x2
You closely miss the gnoll bouda. You bite the gnoll bouda.
You drain its power.
You feel invigorated.
The gnoll bouda is moderately wounded.
The ufetubus hits you.
* * * LOW HITPOINT WARNING * * *
The ufetubus closely misses you. The gnoll closely misses you.
The gnoll bouda gazes fiercely through you!
You feel your attacks grow feeble.
The gnoll bouda hits you with a +0 whip!
* * * LOW HITPOINT WARNING * * *
Your gnoll zombie barely misses the gnoll.
Your gnoll zombie barely misses the ufetubus.
Casting: Vampiric Draining (safe; 1% risk of failure)
Confirm with . or Enter, or press ? or * to list all spells.
You don't have enough magic to cast this spell.
Unknown command.
You hit the ufetubus. Your bite misses the ufetubus.
The ufetubus is heavily wounded.
The ufetubus barely misses you.
The ufetubus hits you but does no damage.
The gnoll hits you from afar with a +0 halberd!
You die...
Kikubaaqudgha rasps: "You have failed me!
Welcome... death!"

#....##≈≈§##..#..Y... .
#.....##§§≈##.#...... ..
#...(..##≈§≈###...... ...
#.......##§≈≈ #...Y.. ....
#........##≈§ #....J. .....
#.........##≈ ≈......
......#''######## ≈≈.....
..............).#
........gg@5..)<# ...
........Z))Z....# .Y.
................# ...
................### ....
..................###...Y..
........................Y..
...............##.<........
.............#####........
........# ##......


You could see a gnoll bouda, a gnoll (swift, ally target), an ufetubus (ally
target) and 2 friendly gnoll zombies.

Vanquished Creatures
  Prince Ribbit (D:5)
  Sigmund (D:5)
  2 yaks (D:5)
  Menkaure (D:6)
  An ice beast (D:5)
  2 ogres (D:5)
  2 centaurs
  2 phantoms
  2 scorpions
  A howler monkey (D:6)
  2 bombardier beetles
  A hound (D:3)
  2 jellies
  A sleepcap (D:6)
  4 iguanas
  4 orc wizards
  8 gnolls
  5 adders
  A shadow imp (D:6)
  A white imp (D:6)
  A dart slug (D:3)
  3 ribbon worms
  12 orcs
  7 ball pythons
  7 bats
  10 endoplasms
  2 giant cockroaches (D:4)
  7 goblins
  6 hobgoblins
  6 jackals
  3 quokkas
  2 frilled lizards
  5 kobolds
  2 quokka zombies (D:4)
  5 rats
122 creatures vanquished.

Vanquished Creatures (collateral kills)
  A kobold brigand (D:6)
  An ufetubus (D:6)
2 creatures vanquished.

Vanquished Creatures (others)
  An orc zombie (D:6)
1 creature vanquished.

Grand Total: 125 creatures vanquished

Notes
Turn   | Place    | Note
-------+----------+-------------------------------------------
     0 | D:1      | stipulation the Vine Stalker Necromancer began the quest
                  | for the Orb.
     0 | D:1      | Reached XP level 1. HP: 9/9 MP: 4/4
   342 | D:1      | Reached XP level 2. HP: 13/13 MP: 6/6
   955 | D:1      | Found a faded altar of an unknown god.
  1037 | D:1      | Reached XP level 3. HP: 16/16 MP: 8/8
  1646 | D:2      | Reached XP level 4. HP: 21/21 MP: 10/10
  1686 | D:2      | You fall into a shaft and drop 1 floor!
  1793 | D:3      | Found a blossoming altar of Fedhas.
  1829 | D:3      | Found a runed translucent gate.
  1829 | D:3      | Found a runed translucent gate.
  1829 | D:3      | Found a runed translucent gate.
  1831 | D:3      | Found an opulent altar of Gozag.
  1848 | D:3      | Noticed an orc warrior
  1848 | D:3      | Noticed puppykicker's ghost (amateur DEGl)
  2268 | D:3      | Reached skill level 5 in Necromancy
  2477 | D:3      | Found a sacrificial altar of Ru.
  2477 | D:3      | Found an ancient bone altar of Kikubaaqudgha.
  2478 | D:3      | Found a burning altar of Makhleb.
  2511 | D:3      | Reached XP level 5. HP: 24/24 MP: 10/11
  2802 | D:3      | Became a worshipper of Kikubaaqudgha
  2883 | D:3      | Learned a level 3 spell: Vampiric Draining
  2886 | D:3      | Learned a level 2 spell: Cigotuvi's Dreadful Rot
  3190 | D:4      | Learned a level 4 spell: Animate Dead
  3199 | D:4      | Found a sand-covered staircase.
  3423 | D:2      | Reached XP level 6. HP: 26/26 MP: 9/13
  3931 | D:4      | Reached skill level 6 in Necromancy
  4034 | D:4      | Reached skill level 5 in Spellcasting
  4180 | D:4      | Reached * piety under Kikubaaqudgha
  4180 | D:4      | Received a gift from Kikubaaqudgha
  4540 | D:5      | Entered Level 5 of the Dungeon
  4550 | D:5      | Reached XP level 7. HP: 32/32 MP: 9/16
  4725 | D:5      | Noticed Prince Ribbit
  4753 | D:5      | Killed Prince Ribbit
  4754 | D:5      | Reached skill level 7 in Necromancy
  5048 | D:5      | Gained mutation: You have razor-sharp teeth. [Vine Stalker
                  | growth]
  5048 | D:5      | Reached XP level 8. HP: 36/36 MP: 18/18
  5126 | D:5      | Found a runed translucent door.
  5127 | D:5      | Noticed Crazy Yiuf
  5651 | D:5      | Noticed Sigmund
  5662 | D:5      | Killed Sigmund
  5701 | D:5      | Reached skill level 8 in Necromancy
  6233 | D:6      | Noticed a yak
  6233 | D:6      | Noticed a yak
  6291 | D:5      | Learned a level 4 spell: Dispel Undead
  6321 | D:6      | Noticed Menkaure
  6331 | D:6      | Killed Menkaure
  6551 | D:6      | Identified the +9 war axe "Quqess" {flame, rC+ Dex+3}
  6655 | D:6      | Noticed a yak
  6655 | D:6      | Noticed a yak
  6775 | D:6      | Reached XP level 9. HP: 34/39 MP: 1/22
  6995 | D:5      | Reached skill level 9 in Necromancy
  7620 | D:6      | Slain by a gnoll

Illustrated notes

Levels and vault maps discovered:
D:1:      saegor_arrival_miasma, layout_basic, basic_ecumenical_altar
D:2:      layout_basic
D:3:      layout_basic, fedhas_altar_2, gammafunk_temple_overflow_claw,
          ebering_ghost_gozag, chequers_serial_rivers_micro_c,
          saegor_snake_ambush
D:4:      layout_loops_ring, enter_ossuary_4, nicolae_underground_beach
D:5:      layout_basic, kennysheep_generic_room_8, uniq_sigmund,
          uniq_prince_ribbit1, uniq_crazy_yiuf_cottage
D:6:      layout_cave_pods, minmay_temple_entry_statues,
          kennysheep_opposing_triangles, uniq_menkaure

Skill      XL: |  1  2  3  4  5  6  7  8  9 |
---------------+----------------------------+-----
Spellcasting   | 3 4 5 6 8 |  8.9
Necromancy     | 5 6 7 8 9 |  9.5
Dodging        | |  1.5
Stealth        | |  2.4

Action                     |  1- 3 |  4- 6 |  7- 9 || total
---------------------------+-------+-------+-------++-------
  Melee: Unarmed           |     2 |     5 |       ||     7
         Dagger            |       |    78 |    62 ||   140
         Bite              |       |    24 |    19 ||    43
         Punch             |       |     1 |       ||     1
   Cast: Necrotise         |    72 |    89 |    66 ||   227
         Cigotuvi's Dreadf |       |     1 |       ||     1
         Vampiric Draining |       |     5 |    42 ||    47
         Animate Dead      |       |       |     2 ||     2
         Dispel Undead     |       |       |     1 ||     1
  Evoke: Wand              |       |       |     3 ||     3
    Use: Scroll            |       |     3 |       ||     3
   Stab: Sleeping          |       |     1 |       ||     1
 Armour: Robe              |     3 |    97 |   106 ||   206
  Dodge: Dodged            |    13 |    77 |    89 ||   179
